 Dungeon Crawl Stone Soup version 0.26-a0-639-g72c4674329 (webtiles) character file.

Game seed: 103124318531855366

1314 Borgoz the Cudgeler (level 8, -3/48 HPs)
             Began as a Gargoyle Gladiator on Sept 18, 2020.
             Killed from afar by an orc wizard (8 damage)
             ... with a magic dart
             ... on level 6 of the Dungeon.
             The game lasted 00:07:31 (6121 turns).

Borgoz the Cudgeler (Gargoyle Gladiator)            Turns: 6121, Time: 00:07:31

Health: -3/48      AC: 15    Str: 19    XL:     8   Next: 58%
Magic:  8/8        EV: 12    Int: 11    God:
Gold:   378        SH:  4    Dex: 12    Spells: 7/7 levels left

rFire    . . .     SeeInvis .   f - +0 flail (holy)
rCold    . . .     Faith    .   x - +0 buckler
rNeg     + . .     Spirit   .   w - +0 scale mail
rPois    ∞         Reflect  .   c - +0 helmet
rElec    +         Harm     .   a - scarf {repulsion}
rCorr    .         Rampage  .   p - +0 pair of gloves (curse)
MR       .....                  (no boots)
Stlth    ..........             (no amulet)
HPRegen  0.16/turn              b - ring of attention (curse)
MPRegen  0.11/turn              (no ring)

@: very slightly contaminated, invisible, repel missiles
A: hooves 1, blink, clever 1, negative energy resistance 1, electricity
resistance, wild magic 1, unbreathing, petrification resistance, rot immunity,
AC +5
a: Blink


You were on level 6 of the Dungeon.
You visited 2 branches of the dungeon, and saw 8 of its levels.

You collected 378 gold pieces.

Inventory:

Hand Weapons
 f - a +0 flail of holy wrath (weapon)
Missiles
 d - 2 throwing nets (quivered)
Armour
 a - a scarf of repulsion (worn)
 c - a +0 helmet (worn)
 p - a cursed +0 pair of gloves (worn)
 w - a +0 scale mail (worn)
 x - a +0 buckler (worn)
Jewellery
 b - a cursed ring of attention (left hand)
Wands
 j - a wand of random effects (19)
 r - a wand of polymorph (9)
Scrolls
 e - 3 scrolls of amnesia {unknown}
 k - 8 scrolls of identify {unknown}
 l - 4 scrolls of enchant armour {unknown}
 o - 8 scrolls of remove curse {unknown}
 s - a scroll of random uselessness {unknown}
 u - 3 scrolls of teleportation {unknown}
 v - a scroll of enchant weapon {unknown}
Potions
 g - a potion of mutation
 h - a potion of brilliance
 i - a potion of curing
 m - 3 potions of haste
 q - a potion of might {unknown}
 t - a potion of invisibility


   Skills:
 + Level 4.9 Fighting
 * Level 6.3 Maces & Flails
 - Level 1.7 Throwing
 + Level 4.1 Armour
 * Level 5.3 Dodging
 + Level 2.3 Shields


You had 7 spell levels left.
You didn't know any spells.
Your spell library contained the following spells:

 Spells                   Type           Power        Failure   Level
 Magic Dart               Conj           #...         83%         1
 Blink                    Tloc           N/A          92%         2
 Call Imp                 Summ           #.......     92%         2
 Slow                     Hex            #.......     92%         2
 Confusing Touch          Hex            #.......     99%         3
 Conjure Flame            Conj/Fire      #.......     99%         3
 Gell's Gravitas          Tloc           #.........   99%         3
 Mephitic Cloud           Conj/Pois/Air  #.......     99%         3
 Petrify                  Tmut/Erth      #.......     100%        4
 Metabolic Englaciation   Hex/Ice        #.........   100%        5
 Yara's Violent Unravell  Hex/Tmut       #.........   100%        5


Dungeon Overview and Level Annotations

Branches:
Dungeon (7/15)             Temple (1/1) D:5

Altars:
Ashenzari
Cheibriados
Elyvilon
Fedhas
Gozag
Hepliaklqana
Kikubaaqudgha
Makhleb
Nemelex Xobeh
Okawaru
Qazlal
Ru
Sif Muna
Uskayaw
Vehumet
Wu Jian
Xom
Zin

Shops:
D:4 !


Innate Abilities, Weirdness & Mutations

You are resistant to torment.
Your stone body is resilient. (AC +5)
You are immune to poison.
You resist negative energy. (rN+)
You are resistant to electric shocks. (rElec)
You can survive without breathing.
You are immune to petrification.
You are immune to rotting.
You have large cloven feet.
You can translocate small distances at will.
Your mind is acute. (Int +2)
Your spells are a little harder to cast, but a little more powerful.


Message History

It was a potion of brilliance.
You feel clever all of a sudden.
It was a potion of mutation.
You feel extremely strange.
Your feet thicken and deform.
You feel jittery.
You feel clever.
You feel less in control of your magic. Something hits you but does no damage.
It was a potion of cancellation.
Your magical effects are unravelling.
You feel magically purged.
You feel yourself slow down.
You feel a little less clever now. Something barely misses you.
It was a potion of invisibility.
You fade into invisibility!
Something hits you but does no damage.
You are very lightly contaminated with residual magic.
You miss something. Your kick misses something.
You hear some strange, mumbled words.
A magic dart appears from out of thin air!
The magic dart hits you!
You die...

.# .## ..## . ..# #.. .
#..# ..# #. .#..# #..#
# ## #...####...##
##..####..##..##...# #
#..o{@....##..##...###
####
#....###..##....##...#.
#..# #....
##.##....##..... #.)#
.... #.#......#.....
#..# ...
#.#......#..... ##..#
.. #........†.....
#..## ##.
##............# ##))#
≈≈# #...........##
#..##≈≈≈# #############


You could see an orc.

Vanquished Creatures
  Sigmund (D:4)
  An orc warrior (D:6)
  An ice beast (D:5)
  An ogre (D:7)
  2 big kobolds (D:6)
  2 bullfrogs (D:6)
  A scorpion (D:6)
  2 jellies
  Crazy Yiuf (D:2)
  2 hounds
  An orc priest (D:5)
  2 orc wizards
  Jessica (D:2)
  A worker ant (D:5)
  3 hound skeletons
  Robin (D:2)
  4 gnolls (D:5)
  10 adders
  An ufetubus (D:5)
  An ooze (D:3)
  An adder skeleton (D:6)
  2 worms (D:4)
  A dart slug (D:1)
  3 leopard geckos
  8 orcs
  4 giant cockroaches
  15 hobgoblins
  4 jackals (D:5)
  8 kobolds
  A quokka (D:2)
  7 bats
  12 frilled lizards
  6 goblins
  9 rats
120 creatures vanquished.

Vanquished Creatures (others)
  A goblin (D:2)
1 creature vanquished.

Grand Total: 121 creatures vanquished

Notes
Turn   | Place    | Note
-------+----------+-------------------------------------------
     0 | D:1      | Borgoz the Gargoyle Gladiator began the quest for the Orb.
     0 | D:1      | Reached XP level 1. HP: 12/12 MP: 1/1
    74 | D:1      | Reached XP level 2. HP: 18/18 MP: 2/2
   579 | D:1      | Reached XP level 3. HP: 20/22 MP: 3/3
   613 | D:1      | Reached skill level 1 in Armour
   752 | D:2      | Found an ancient bone altar of Kikubaaqudgha.
   793 | D:2      | Noticed Jessica
   799 | D:2      | Killed Jessica
   916 | D:2      | Reached XP level 4. HP: 27/27 MP: 4/4
  1619 | D:2      | Noticed Robin
  1651 | D:2      | Killed Robin
  1879 | D:2      | Found a runed translucent door.
  1880 | D:2      | Noticed Crazy Yiuf
  2095 | D:2      | Paralysed by Crazy Yiuf for 2 turns
  2100 | D:2      | Killed Crazy Yiuf
  2100 | D:2      | Reached skill level 4 in Maces & Flails
  2100 | D:2      | Reached XP level 5. HP: 31/32 MP: 5/5
  2382 | D:3      | Found a stormy altar of Qazlal.
  2647 | D:3      | Reached XP level 6. HP: 37/37 MP: 6/6
  3020 | D:4      | Noticed Blork the orc
  3030 | D:4      | Noticed Blork
  3030 | D:4      | Blork the orc changed into Blork the jelly
  3036 | D:4      | Killed Blork the jelly
  3363 | D:4      | Noticed Sigmund
  3375 | D:4      | Killed Sigmund
  3375 | D:4      | Reached skill level 5 in Maces & Flails
  3375 | D:4      | Reached XP level 7. HP: 29/42 MP: 7/7
  3525 | D:4      | Found Yffielyi's Distillery.
  3707 | D:5      | Entered Level 5 of the Dungeon
  4242 | D:5      | HP: 1/43 [orc priest/divine providence (12)]
  4574 | D:5      | Found a staircase to the Ecumenical Temple.
  4770 | Temple   | Entered the Ecumenical Temple
  5196 | D:5      | Found an ornate altar of the Wu Jian Council.
  5328 | D:5      | Reached skill level 1 in Shields
  5456 | D:6      | Reached XP level 8. HP: 47/48 MP: 8/8
  5586 | D:7      | Reached skill level 5 in Dodging
  5614 | D:7      | Reached skill level 6 in Maces & Flails
  6118 | D:6      | Gained mutation: You have large cloven feet. [potion of
                  | mutation]
  6118 | D:6      | Gained mutation: You can translocate small distances at
                  | will. [potion of mutation]
  6118 | D:6      | Gained mutation: Your mind is acute. (Int +2) [potion of
                  | mutation]
  6118 | D:6      | Gained mutation: Your spells are a little harder to cast,
                  | but a little more powerful. [potion of mutation]
  6121 | D:6      | Killed from afar by an orc wizard

Illustrated notes

Levels and vault maps discovered:
D:1:      mushboom_english_gardens, layout_rooms, minmay_lizard_pond
D:2:      layout_loops_corners, kiku_gazebo_garden_becter, uniq_jessica,
          uniq_crazy_yiuf_cottage, uniq_robin
D:3:      layout_loops_ring, nicolae_overflow_crystal_walls, st_stairs_6
D:4:      layout_basic, serial_shops, shop_fountains, uniq_blork_the_orc,
          uniq_sigmund
D:5:      layout_basic, lemuel_crystal_altar, minmay_temple_entry_gardened_gates
D:6:      cheibrodos_thug_alley, layout_cave_pods, minmay_misc_feat_x,
          kennysheep_path_1, hangedman_abyss_or_decor_slice, bh_walls_and_bars
D:7:      layout_loops_ring, lemuel_round_altar, kennysheep_generic_room_7
Temple:   regret_index_temple_generic_petals

Skill      XL: |  1  2  3  4  5  6  7  8 |
---------------+-------------------------+-----
Armour         | 1 2 3 4 |  4.1
Dodging        | 3 4 5 |  5.3
Fighting       | 3 4 |  4.9
Maces & Flails | 4 5 6 |  6.3
Shields        | 1 2 |  2.3
Throwing       | |  1.7

Action                   |  1- 3 |  4- 6 |  7- 9 || total
-------------------------+-------+-------+-------++-------
Melee: Flail             |    90 |   123 |   190 ||   403
       Unarmed           |       |     1 |       ||     1
       Mace              |       |    47 |    62 ||   109
Throw: Throwing net      |       |       |     6 ||     6
Evoke: Wand              |       |     2 |       ||     2
  Use: Potion            |       |       |     8 ||     8
 Stab: Held in net/web   |       |       |     1 ||     1
Armor: Leather armour    |    15 |       |       ||    15
       Ring mail         |    41 |    95 |    16 ||   152
       Skin              |       |     4 |       ||     4
       Scale mail        |       |       |   114 ||   114
Dodge: Dodged            |   106 |   107 |   163 ||   376
       Repelled          |       |       |     1 ||     1
Block: Buckler           |       |       |    38 ||    38

Table legend: (Time is in decaauts)
 A = Elapsed time spent in this place.
 B = Non-inter-level travel time spent in this place.
 C = Inter-level travel time spent in this place.
 D = Time resting spent in this place.
 E = Time spent auto-exploring this place.
 F = Levels seen in this place.
 G = Mean time per level.
                   A        B        C        D        E       F      G
               +--------+--------+--------+--------+--------+-----+--------+
         Total |   6204 |   5977 |    227 |   1087 |   3785 |   8 |  775.5 |
       Dungeon |   5954 |   5780 |    174 |   1087 |   3592 |   7 |  850.6 |
        Temple |    249 |    196 |     53 |      0 |    193 |   1 |  249.0 |
               +--------+--------+--------+--------+--------+-----+--------+

Top non-repeatable levels by time:
     D:2: 1474 daAuts
     D:5: 1408 daAuts
     D:3: 791 daAuts
     D:4: 766 daAuts
     D:1: 733 daAuts
     D:6: 461 daAuts
     D:7: 319 daAuts
  Temple: 249 daAuts
